[Event "*** Titled Tuesday Blitz"]
[Site "Chess.com"]
[Date "2020.10.20"]
[Round "3"]
[White "djano"]
[Black "Shivagami"]
[Result "0-1"]
[WhiteElo "2452"]
[BlackElo "2257"]
[TimeControl "180+1"]
[EndTime "10:27:31 PDT"]
[Termination "Shivagami won by resignation"]

1. Nf3 d5 2. d4 Nf6 3. Bf4 c5 4. e3 Nc6 5. Nbd2 cxd4 6. exd4 Bf5 7. c3 e6 8. Qb3 Qc8 9. Be2 h6 10. O-O Be7 11. h3 O-O 12. a4 Ne4 13. Rfe1 Nxd2 14. Nxd2 Qd7 15. Nf3 Bd6 16. Ne5 Nxe5 17. dxe5 Bc5 18.
a5 a6 19. Bg3 Qe7 20. Qd1 Rfd8 21. Bd3 Qg5 22. Bxf5 Qxg3 23. Re2 exf5 24. Qb3 Rab8 25.
c4 Qxb3 0-1

[Event "*** Titled Tuesday Blitz"]
[Site "Chess.com"]
[Date "2020.10.20"]
[Round "3"]
[White "TrickyFortem"]
[Black "GMJustin"]
[Result "0-1"]
[WhiteElo "2465"]
[BlackElo "2272"]
[TimeControl "180+1"]
[EndTime "10:27:32 PDT"]
[Termination "GMJustin won by resignation"]

1. e4 c5 2. Nf3 d6 3. d4 cxd4 4. Nxd4 Nf6 5. Nc3 a6 6. Bc4 e6 7. Bb3 b5 8. O-O Be7 9. Re1 O-O 10. a3 Bb7 11. Bxe6 fxe6 12. Nxe6 Qd7 13. Nxf8 Bxf8 14. Bf4 Qe6 15. e5 dxe5 16. Rxe5 Qc6 17. Rg5 Nbd7 18.
Qd3 Nc5 19. Qh3 Ne6 20. Rf5 Nxf4 21. Rxf4 Re8 22. Rd1 Bd6 23. Rf5 Bc8 24. Qd3 Bxf5 25. Qxf5 Be5 26. Ne2 Qe4 27. Qxe4 Nxe4 28. c3 Bf6 29.
Nf4 Rd8 30. Nd5 Kf7 31. f3 Nc5 32. Kf2 Ne6 33. Ke2 Rxd5 34. Rxd5 Nf4+ 35. Ke3 Nxd5+ 36. Ke4 Ke6 37. f4 g6 38. g4 Nb6 39. b3 Bxc3 40. f5+ gxf5+ 41. gxf5+ Kf6 42. a4 b4 0-1

[Event "*** Titled Tuesday Blitz"]
[Site "Chess.com"]
[Date "2020.10.20"]
[Round "3"]
[White "romulocardoso"]
[Black "Chessmatus"]
[Result "0-1"]
[WhiteElo "2086"]
[BlackElo "2341"]
[TimeControl "180+1"]
[EndTime "10:27:33 PDT"]
[Termination "Chessmatus won on time"]

1. e4 c5 2. Nf3 d6 3. d4 cxd4 4.
Nxd4 Nf6 5. Nc3 a6 6. Be2 e5 7. Nb3 Be7 8. O-O O-O 9. Kh1 Nc6 10. Be3 a5 11. f4 a4 12. Nd2 a3 13. f5 axb2 14. Rb1 d5 15. exd5 Nxd5 16. Nxd5 Qxd5 17. Rxb2 e4 18. Bc4 Qe5 19. c3 Qxc3 20. Rb3 Qe5 21. Qg4 Rd8 22. Nxe4 Nd4 23. Bh6 Bxf5 24. Rxf5 Nxf5 25.
Bxg7 Qxe4 26. Qh5 Qe1+ 0-1

[Event "*** Titled Tuesday Blitz"]
[Site "Chess.com"]
[Date "2020.10.20"]
[Round "3"]
[White "AleksibFan"]
[Black "ChelsieMonica"]
[Result "1-0"]
[WhiteElo "2575"]
[BlackElo "2367"]
[TimeControl "180+1"]
[EndTime "10:27:35 PDT"]
[Termination "AleksibFan won by resignation"]

1. d4 Nf6 2. Bg5 Ne4 3. Bf4 c5 4. f3 Qa5+ 5. c3 Nf6 6. d5 d6 7.
e4 g6 8. Nd2 Bg7 9. Nc4 Qc7 10.
a4 O-O 11. Qd2 a6 12. Ne2 Nbd7 13. a5 Ne5 14. Ng3 Nxc4 15. Bxc4 Bd7 16. O-O Bb5 17.
Qe2 Bxc4 18. Qxc4 h5 19. Qe2 h4 20. Nh1 c4 21. Nf2 Nh5 22. Bg5 Bf6 23. Bxf6 exf6 24. Qd2 g5 25. Ng4 Kg7 26. Ne3 Qc5 27. Ra4 Rac8 28. Rfa1 Qa7 29. Kf1 Rh8 30. Rxc4 Rxc4 31. Nxc4 Ng3+ 32. hxg3 hxg3 33. Ke2 Rh2 34. Ne3 g4 35. fxg4 Qb8 36. Kf3 Qh8 37. Nf5+ Kg6 38.
Kxg3 Rh3+ 39. gxh3 1-0

[Event "*** Titled Tuesday Blitz"]
[Site "Chess.com"]
[Date "2020.10.20"]
[Round "3"]
[White "IwkooO"]
[Black "AryanTari"]
[Result "0-1"]
[WhiteElo "2644"]
[BlackElo "2864"]
[TimeControl "180+1"]
[EndTime "10:27:36 PDT"]
[Termination "AryanTari won by resignation"]

1. e4 c6 2. d4 d5 3. e5 Bf5 4.
Nd2 e6 5. Nb3 Nd7 6. Nf3 a5 7.
a4 Ne7 8. Be2 h6 9. Bd2 g5 10.
O-O Bg7 11. Rc1 O-O 12. Qe1 b6 13. c4 dxc4 14. Bxc4 Nd5 15. Qe2 f6 16. exf6 Qxf6 17. Bd3 Rac8 18. Rc2 g4 19. Ne1 e5 20. dxe5 Nxe5 21.
Bxf5 Qxf5 22. Nd4 Qg6 23. Rc1 Rce8 24. Qd1 c5 25. Nb5 Nf3+ 26. Nxf3 gxf3 27. g3 Qg4 28. Kh1 Rf5 29. Rg1 Rh5 30. Qf1 Ree5 31. Rc4 Rxh2+ 32. Kxh2 Rh5+ 0-1

[Event "*** Titled Tuesday Blitz"]
[Site "Chess.com"]
[Date "2020.10.20"]
[Round "3"]
[White "shriyanasmallya"]
[Black "Kazmin_Dmitrij"]
[Result "1-0"]
[WhiteElo "1660"]
[BlackElo "2259"]
[TimeControl "180+1"]
[EndTime "10:27:36 PDT"]
[Termination "shriyanasmallya won by resignation"]

1. e4 c5 2. Nc3 Nc6 3. f4 g6 4.
Nf3 Bg7 5. Bb5 Nf6 6. d3 d6 7. Bxc6+ bxc6 8. O-O O-O 9. Qe1 Rb8 10. Qg3 Ne8 11. f5 Bd7 12. fxg6 fxg6 13. Qh4 e5 14. Bg5 Bf6 15. b3 Ng7 16. h3 Ne6 17. Bxf6 Qxf6 18. Qh6 Qg7 19. Qe3 Nd4 20. Rf2 h6 21. Raf1 g5 22.
Qd2 Rf4 23. Nxd4 cxd4 24. Ne2 Rxf2 25. Rxf2 Rf8 26. Ng3 Rf4 27. Nh5 Rxf2 28. Qxf2 Be6 29. Nxg7 1-0

[Event "*** Titled Tuesday Blitz"]
[Site "Chess.com"]
[Date "2020.10.20"]
[Round "3"]
[White "swimmerchess"]
[Black "FontVella8"]
[Result "1-0"]
[WhiteElo "2777"]
[BlackElo "2490"]
[TimeControl "180+1"]
[EndTime "10:27:37 PDT"]
[Termination "swimmerchess won by resignation"]

1. e4 e5 2. Nf3 Nc6 3. Bb5 g6 4. c3 Bg7 5. d4 exd4 6. cxd4 a6 7. Ba4 b5 8. Bb3 Nge7 9. d5 Na5 10. Bd2 Nxb3 11. Qxb3 O-O 12. Bc3 d6 13. Bxg7 Kxg7 14. O-O h6 15. a4 Bd7 16. Nc3 Rb8 17. axb5 axb5 18. Qb4 f5 19. e5 dxe5 20. Nxe5 Be8 21. Rfd1 Qd6 22. Qd4 Kh7 23. Ra7 Nc8 24. Ra5 b4 25. Ne2 Rb5 26. Rxb5 Bxb5 27. Nf4 Ne7 28. Ne6 Rf6 29. Nd7 Rf7 30. Nf6+ 1-0

[Event "*** Titled Tuesday Blitz"]
[Site "Chess.com"]
[Date "2020.10.20"]
[Round "3"]
[White "As0nchess"]
[Black "boasovietica"]
[Result "1-0"]
[WhiteElo "2601"]
[BlackElo "2376"]
[TimeControl "180+1"]
[EndTime "10:27:37 PDT"]
[Termination "As0nchess won by resignation"]

1. e4 e5 2. Nf3 Nc6 3. Bc4 Bc5 4. O-O Nf6 5. d3 a6 6. c3 Ba7 7. a4 h6 8. Re1 O-O 9. Nbd2 Re8 10. b4 d5 11.
exd5 Nxd5 12. Qb3 Be6 13. Ne4 Qd7 14. Bxh6 b5 15. axb5 axb5 16. Bxb5 gxh6 17. c4 Kg7 18. cxd5 Bxd5 19. Qc3 Re6 20. Nxe5 Rxe5 21. Bxc6 Qf5 22. Bxd5 1-0

[Event "*** Titled Tuesday Blitz"]
[Site "Chess.com"]
[Date "2020.10.20"]
[Round "3"]
[White "VladimirBugayev"]
[Black "grandcoach"]
[Result "0-1"]
[WhiteElo "2342"]
[BlackElo "2144"]
[TimeControl "180+1"]
[EndTime "10:27:38 PDT"]
[Termination "grandcoach won by resignation"]

1. e4 c5 2. Nc3 Nc6 3. Bb5 Nd4 4. Nf3 e6 5. a4 b6 6. O-O Bb7 7. d3 Nf6 8. Nxd4 cxd4 9. Ne2 a6 10. Bc4 d5 11. exd5 Bxd5 12. Bxd5 Qxd5 13. Bf4 Bd6 14. Bg3 O-O 15. c3 Bxg3 16. fxg3 dxc3 17. Nxc3 Qd4+ 18.
Kh1 Rfd8 19. Rf3 Rac8 20. Qf1 Rc5 21. Rd1 Rd7 22. Re1 Re5 23. Ne4 Nxe4 24. dxe4 Qxa4 25. Rc1 Rc5 26. Rxc5 bxc5 27. h3 Rd1 0-1

[Event "*** Titled Tuesday Blitz"]
[Site "Chess.com"]
[Date "2020.10.20"]
[Round "3"]
[White "TheCavemanChesss"]
[Black "Grineva_Marianna"]
[Result "1-0"]
[WhiteElo "2479"]
[BlackElo "2254"]
[TimeControl "180+1"]
[EndTime "10:27:39 PDT"]
[Termination "TheCavemanChesss won by checkmate"]

1. e4 c5 2. Nf3 d6 3. d4 cxd4 4. Nxd4 Nf6 5. Nc3 a6 6. Bg5 e6 7.
f4 Qc7 8. Qf3 b5 9. O-O-O b4 10.
Na4 Bb7 11. Bd3 Nbd7 12. Rhe1 h6 13. Bh4 d5 14. e5 Ne4 15. Nxe6 Qc6 16. Rxe4 dxe4 17.
Bxe4 Qxe6 18. Bxb7 Rb8 19. Bc6 g5 20. Bxd7+ Qxd7 21. Rxd7 Kxd7 22. fxg5 hxg5 23. Qxf7+ Be7 24. Bxg5 Rbe8 25.
Nc5+ Kc6 26. Qe6+ Kxc5 27. Be3+ Kb5 28. Qb6+ Kc4 29. Qc6+ Bc5 30. Qxc5# 1-0

[Event "*** Titled Tuesday Blitz"]
[Site "Chess.com"]
[Date "2020.10.20"]
[Round "3"]
[White "Olga_Zhuravleva"]
[Black "TurboSteen"]
[Result "1-0"]
[WhiteElo "2321"]
[BlackElo "2034"]
[TimeControl "180+1"]
[EndTime "10:27:39 PDT"]
[Termination "Olga_Zhuravleva won by resignation"]

1. e4 e6 2. d4 d5 3. Nd2 Nf6 4.
e5 Nfd7 5. Bd3 c5 6. c3 Nc6 7.
Ne2 cxd4 8. cxd4 f6 9. exf6 Nxf6 10. O-O Bd6 11. Nf3 Qc7 12. Ng3 O-O 13. Bg5 Ng4 14. Rc1 Bd7 15. Bb1 Qb6 16. Qd3 g6 17. h3 Nxf2 18. Kxf2 Nxd4 19. Be3 Qxb2+ 20. Ne2 Nxf3 21. gxf3 Bb5 22. Qc2 Qf6 23. Kg2 Qh4 24. f4 Rac8 25. Qb2 Rxc1 26. Bxc1 g5 27. Qxb5 gxf4 28.
Qd7 f3+ 29. Rxf3 1-0

[Event "*** Titled Tuesday Blitz"]
[Site "Chess.com"]
[Date "2020.10.20"]
[Round "3"]
[White "tdf98pantani"]
[Black "Brave_spirit12"]
[Result "1-0"]
[WhiteElo "2726"]
[BlackElo "2475"]
[TimeControl "180+1"]
[EndTime "10:27:41 PDT"]
[Termination "tdf98pantani won on time"]

1. d4 Nf6 2. c4 e6 3. Nf3 d5 4.
Nc3 Be7 5. Bf4 O-O 6. a3 Ne4 7. Qc2 f5 8. e3 c6 9. Be2 g5 10. Bxb8 Rxb8 11. Ne5 Bf6 12. O-O Qc7 13. f4 g4 14.
Nxe4 dxe4 15. c5 b6 16. b4 a5 17. cxb6 Qxb6 18. Nxc6 Ra8 19. Nxa5 Ba6 20. Nb3 h5 21. Bxa6 Rxa6 22. Nc5 Ra7 23. Qc4 Re8 24. a4 h4 25. a5 Qc7 26. Ra2 g3 27. h3 Kf7 28.
Rfa1 Kg6 29. b5 Raa8 30. b6 Qc6 31. b7 Ra7 32. a6 Rb8 33. Qxe6 Qb5 34. Qd6 Rbxb7 35. Nxb7 Qd3 36. Qa3 1-0

[Event "*** Titled Tuesday Blitz"]
[Site "Chess.com"]
[Date "2020.10.20"]
[Round "3"]
[White "Volodar_Murzin"]
[Black "mamey78"]
[Result "1/2-1/2"]
[WhiteElo "2608"]
[BlackElo "2403"]
[TimeControl "180+1"]
[EndTime "10:27:41 PDT"]
[Termination "Game drawn by agreement"]

1. e4 e5 2. Nf3 Nc6 3. Bb5 a6 4. Ba4 Nf6 5. O-O b5 6. Bb3 Be7 7. d3 O-O 8. Nc3 Bb7 9. a3 d6 10. h3 Nb8 11. Be3 Nbd7 12. Nd2 Nc5 13. Ba2 d5 14. exd5 Nxd5 15. Nxd5 Bxd5 16. Qh5 Bxa2 17. Rxa2 f5 18. Re1 Ne6 19. Nf3 Qd5 20. Raa1 g6 21. Qh6 Rae8 22. Bd2 Bf6 23. Bc3 Nd4 24. Bxd4 exd4 25. Qd2 c5 26. a4 c4 27. axb5 axb5 28. Qb4 Rxe1+ 29. Rxe1 Rf7 30. Re8+ Kg7 31. Rb8 cxd3 32.
cxd3 Qa2 33. Qxb5 Qb1+ 34. Kh2 Qc1 35. g3 Qf1 1/2-1/2

[Event "*** Titled Tuesday Blitz"]
[Site "Chess.com"]
[Date "2020.10.20"]
[Round "3"]
[White "Fusikk"]
[Black "Guriempire"]
[Result "0-1"]
[WhiteElo "2521"]
[BlackElo "2806"]
[TimeControl "180+1"]
[EndTime "10:27:44 PDT"]
[Termination "Guriempire won by resignation"]

1. d4 Nf6 2. c4 e6 3. Nf3 d5 4. Nc3 c6 5. e3 Nbd7 6. Qc2 Bd6 7. Bd3 dxc4 8. Bxc4 b5 9. Be2 O-O 10. O-O Bb7 11.
Rd1 Qe7 12. e4 e5 13. h3 h6 14.
Nh4 Bc7 15. Nf5 Qe6 16. Nxb5 cxb5 17. Qxc7 Bxe4 18. dxe5 Nd5 19. Qd6 Qxf5 20. Bg4 Qxe5 21. Qxd7 Rad8 22. Qxa7 h5 23. Bd7 Bc2 24. Rd2 Nf6 25.
Rxc2 Rxd7 26. Qe3 Rd1+ 0-1

[Event "*** Titled Tuesday Blitz"]
[Site "Chess.com"]
[Date "2020.10.20"]
[Round "3"]
[White "exoticprincess"]
[Black "Buffy7"]
[Result "0-1"]
[WhiteElo "2852"]
[BlackElo "2663"]
[TimeControl "180+1"]
[EndTime "10:27:47 PDT"]
[Termination "Buffy7 won by checkmate"]

1. d4 d5 2. Nc3 e6 3. Bf4 Nf6 4. Nb5 Na6 5. e3 Be7 6. Nf3 c6 7. Nc3 O-O 8. Bxa6 bxa6 9. O-O c5 10. Ne5 Bb7 11. Na4 cxd4 12. exd4 Rc8 13. c3 a5 14. Re1 Ne4 15. f3 Nf6 16. Nd3 Nd7 17.
Rc1 Ba6 18. Be3 Bxd3 19. Qxd3 Nb6 20. Qb5 Nxa4 21. Qxa4 Qb6 22. b3 Bf6 23. g3 Rc6 24. Kg2 Rfc8 25. Bd2 a6 26. Qa3 Qb5 27. Re3 Bxd4 28.
cxd4 Rxc1 29. Bxc1 Rc2+ 30. Kh3 Qf1+ 31. Kg4 Rxh2 32.
Qe7 Qh3+ 33. Kf4 Qf5# 0-1

[Event "*** Titled Tuesday Blitz"]
[Site "Chess.com"]
[Date "2020.10.20"]
[Round "3"]
[White "joppie2"]
[Black "ScarpaChess"]
[Result "1-0"]
[WhiteElo "2862"]
[BlackElo "2414"]
[TimeControl "180+1"]
[EndTime "10:27:49 PDT"]
[Termination "joppie2 won by resignation"]

1. e4 c5 2. Nf3 d6 3. d4 cxd4 4. Nxd4 Nf6 5. Bb5+ Nbd7 6. c4 Nxe4 7. O-O a6 8. Ba4 Nc5 9. Re1 Nxa4 10. Qxa4 e6 11. Nc3 Be7 12. Nd5 exd5 13. Nf5 b5 14. cxb5 Ne5 15. Nxg7+ Kf8 16. Bh6 Kg8 17. b6 Bg5 18. Bxg5 Qxg5 19. f4 Bd7 20. Qa3 Qxg7 21. fxe5 dxe5 22. Re3 Bf5 23. Rg3 Bg6 24. b7 Rb8 25.
Rc1 Qf8 26. Qxa6 Kg7 27. Rgc3 Qe7 28. Rc7 Qf6 29. Qa7 Qd6 30. Rc8 d4 31. Rxh8 Rxh8 32. Rc8 d3 33. b8=Q Qxb8 34. Qxb8 Rxc8 35. Qxc8 d2 36.
Qd8 1-0

[Event "*** Titled Tuesday Blitz"]
[Site "Chess.com"]
[Date "2020.10.20"]
[Round "3"]
[White "zverr1"]
[Black "BJthechessgod"]
[Result "1-0"]
[WhiteElo "2410"]
[BlackElo "2204"]
[TimeControl "180+1"]
[EndTime "10:27:49 PDT"]
[Termination "zverr1 won by checkmate"]

1. d4 Nf6 2. c4 e6 3. Nf3 b6 4. Nc3 Bb4 5. Bg5 O-O 6. e3 Bb7 7.
Bd3 h6 8. Bh4 d5 9. cxd5 Bxd5 10. O-O Bb7 11. e4 Bc5 12. dxc5 g5 13. Bg3 bxc5 14.
h4 g4 15. Ne5 h5 16. f3 Qd4+ 17. Kh1 gxf3 18. Qxf3 Nbd7 19. Nxd7 Nxd7 20. Rad1 Qg7 21. Bf2 Nf6 22. Qg3 Ng4 23. Bxc5 Rfd8 24. Be2 Rxd1 25. Bxd1 f5 26. exf5 exf5 27. Bb3+ Kh7 28. Re1 f4 29. Qd3+ Kh8 30. Bd5 Rg8 31. Bxb7 c6 32. Bxc6 Nf6 33. Re7 Qg4 34. Bd4 Qxh4+ 35. Qh3 Qxh3+ 36. gxh3 Rg6 37. Nd5 f3 38. Nxf6 Rxf6 39. Bxf6+ Kg8 40. Bd5+ Kf8 41.
Rxa7 f2 42. Ra8# 1-0

[Event "*** Titled Tuesday Blitz"]
[Site "Chess.com"]
[Date "2020.10.20"]
[Round "3"]
[White "JiiHart"]
[Black "googlegoom"]
[Result "0-1"]
[WhiteElo "2061"]
[BlackElo "2360"]
[TimeControl "180+1"]
[EndTime "10:27:51 PDT"]
[Termination "googlegoom won by resignation"]

1. e4 c5 2. Nf3 Nc6 3. d4 cxd4 4. Nxd4 Qb6 5. Nb3 Nf6 6. Nc3 e6 7. g3 Bb4 8. Bg2 d5 9. O-O Bxc3 10. bxc3 Nxe4 11.
Bxe4 dxe4 12. Ba3 f6 13. Qg4 Kf7 14. Qxe4 Ne5 15. Nd4 Bd7 16. Rab1 Bc6 17. Nxc6 Qxc6 18. Rxb7+ Kg8 19. Qxc6 Nxc6 20. Rd1 h5 21. Rdd7 Rh7 22.
Bc5 Rc8 23. Bxa7 Ne5 24. Rdc7 Rxc7 25. Rxc7 g5 26. c4 Rxc7 0-1

[Event "*** Titled Tuesday Blitz"]
[Site "Chess.com"]
[Date "2020.10.20"]
[Round "3"]
[White "Loy_Konstantin"]
[Black "Flawless_Fighter"]
[Result "0-1"]
[WhiteElo "2361"]
[BlackElo "2567"]
[TimeControl "180+1"]
[EndTime "10:27:52 PDT"]
[Termination "Flawless_Fighter won on time"]

1. e4 c6 2. d4 d5 3. exd5 cxd5 4. c4 Nf6 5. Nc3 e6 6. Nf3 Bb4 7. cxd5 Nxd5 8. Qc2 h6 9. Bd3 O-O 10. a3 Be7 11.
O-O Nc6 12. Rd1 Bd7 13. Nxd5 exd5 14. Bf4 Rc8 15. Qb3 Bg4 16. Be2 Bf6 17. Qxb7 Bxf3 18. Bxf3 Nxd4 19. Qxa7 Nxf3+ 20. gxf3 Bxb2 21. Ra2 Qf6 22. Bg3 Qxf3 23. Qa4 Bf6 24. Rad2 d4 25. Qb5 Rc3 26. a4 Rfc8 27. a5 Rc1 28. Qf1 Rxd1 29. Qxd1 Qa3 30. Kg2 Qxa5 31. Rd3 Qd5+ 32. Qf3 Qb5 33.
Qe4 Rc3 34. Rxc3 dxc3 35. Qa8+ Kh7 36. Qe4+ g6 37. Qc2 Qc6+ 38. f3 Kg7 39. Bf2 Qd5 0-1

[Event "*** Titled Tuesday Blitz"]
[Site "Chess.com"]
[Date "2020.10.20"]
[Round "3"]
[White "BikingBrian"]
[Black "Orest_Vovk"]
[Result "0-1"]
[WhiteElo "2247"]
[BlackElo "2475"]
[TimeControl "180+1"]
[EndTime "10:27:56 PDT"]
[Termination "Orest_Vovk won by resignation"]

1. d4 Nc6 2. e4 e5 3. d5 Nce7 4. Nf3 Ng6 5. h4 h5 6. Bg5 Nf6 7. Nc3 Bc5 8. Na4 Bb6 9. Nxb6 axb6 10. Be2 d6 11. Qd3 Bg4 12. a3 Qd7 13. Bxf6 Nf4 14.
Qb5 gxf6 15. Qxd7+ Kxd7 16. g3 Nxe2 17. Kxe2 f5 18.
Ke3 fxe4 19. Ng5 f5 20. c4 Rhf8 21. Kd2 f4 22. Rhe1 e3+ 23. fxe3 fxg3 24. Rg1 Rf2+ 25. Kc3 g2 26. Rac1 Raf8 27. Rc2 Rxc2+ 28. Kxc2 Rf2+ 29. Kc3 Re2 30. Kd3 Rxb2 31. Ne4 Bf5 0-1

[Event "*** Titled Tuesday Blitz"]
[Site "Chess.com"]
[Date "2020.10.20"]
[Round "3"]
[White "dopolian"]
[Black "Rud_Makarian"]
[Result "0-1"]
[WhiteElo "2414"]
[BlackElo "2748"]
[TimeControl "180+1"]
[EndTime "10:27:58 PDT"]
[Termination "Rud_Makarian won by resignation"]

1. Nf3 Nf6 2. c4 g6 3. Nc3 Bg7 4. g3 c5 5. Bg2 Nc6 6. O-O d6 7. b3 Bd7 8. Bb2 h5 9. h4 O-O 10. a3 a6 11. Qc2 Qc8 12. e3 Bh3 13. d3 Rb8 14. Nd5 Bxg2 15. Kxg2 b5 16. Nxf6+ Bxf6 17. Bxf6 exf6 18. Qc3 Ne5 19. Nd2 Qc6+ 20. Kg1 f5 21. d4 cxd4 22. exd4 Ng4 23. d5 Qc7 24. Rfe1 Rfe8 25. Rac1 Qc5 26. Qf3 Qxa3 27. Ra1 Rxe1+ 28. Rxe1 bxc4 29. Nxc4 Qc5 30. Ra1 Rxb3 31. Qf4 Rb4 32. Rc1 Qxd5 33. Nxd6 Rxf4 0-1

[Event "*** Titled Tuesday Blitz"]
[Site "Chess.com"]
[Date "2020.10.20"]
[Round "3"]
[White "Mbneu"]
[Black "NeverW84M8"]
[Result "0-1"]
[WhiteElo "2234"]
[BlackElo "2464"]
[TimeControl "180+1"]
[EndTime "10:27:58 PDT"]
[Termination "NeverW84M8 won on time"]

1. d4 Nf6 2. c4 c5 3. d5 e6 4. Nc3 exd5 5. cxd5 d6 6. e4 g6 7. f4 Bg7 8. Nf3 O-O 9. Be2 Bg4 10. O-O a6 11. a4 Re8 12. h3 Bxf3 13. Bxf3 Nbd7 14.
Re1 c4 15. Be3 Qc7 16. Kh1 Nc5 17. Bxc5 Qxc5 18. e5 Nd7 19. Ne4 Qb4 20. Nxd6 Re7 21.
Re4 f6 22. Rxc4 Qxb2 23. Rb1 Qf2 24. e6 Nb6 25. Ne4 Qe3 26. Rc3 Qxf4 27. Rxb6 f5 28.
d6 fxe4 29. dxe7 Be5 30. Qd8+ Kg7 31. e8=N+ Kh6 0-1

[Event "*** Titled Tuesday Blitz"]
[Site "Chess.com"]
[Date "2020.10.20"]
[Round "3"]
[White "mishanick"]
[Black "TorFredrikKaasen"]
[Result "1-0"]
[WhiteElo "2991"]
[BlackElo "2708"]
[TimeControl "180+1"]
[EndTime "10:28:01 PDT"]
[Termination "mishanick won by resignation"]

1. d4 Nf6 2. c4 e6 3. Nc3 d5 4. cxd5 Nxd5 5. e4 Nxc3 6. bxc3 c5 7. a3 g6 8. Nf3 Bg7 9. Be3 O-O 10. Be2 b6 11. O-O Bb7 12. Qc2 Qc7 13. Rac1 cxd4 14. Nxd4 Nc6 15. Nb5 Qe7 16. Rfd1 Rfd8 17. a4 Rac8 18.
Qb3 Na5 19. Qb4 Bf8 20. Qxe7 Bxe7 21. Rxd8+ Rxd8 22. Nxa7 Bc5 23. Bxc5 bxc5 24. f3 Rd2 25. Bb5 c4 26. h4 h5 27. Kh2 Kf8 28. Kg3 Ke7 29. Rb1 Ba8 30. Nc8+ Kf6 31. Nb6 Bb7 32. Nxc4 Nxc4 33. Bxc4 Bc6 34. Bb5 Ba8 35. a5 Ra2 36.
a6 Ke5 37. Rd1 f5 38. Rd8 f4+ 39. Kh3 Ra1 40. Kh2 Ra5 41. c4 Bxe4 42. fxe4 Ra2 43.
Kg1 Kxe4 44. Rd7 Ke3 45. a7 f3 46. gxf3 Kxf3 47. Bc6+ 1-0

[Event "*** Titled Tuesday Blitz"]
[Site "Chess.com"]
[Date "2020.10.20"]
[Round "3"]
[White "JonahWillow"]
[Black "VerdeNotte"]
[Result "0-1"]
[WhiteElo "2635"]
[BlackElo "2853"]
[TimeControl "180+1"]
[EndTime "10:28:02 PDT"]
[Termination "VerdeNotte won on time"]

1. e4 c5 2. Nf3 d6 3. d4 cxd4 4.
Qxd4 Nc6 5. Bb5 a6 6. Bxc6+ bxc6 7.
c4 e5 8. Qd3 Nf6 9. Nc3 Qc7 10.
O-O Be7 11. Bg5 Be6 12. Rfd1 Rd8 13. Rac1 Qb7 14. b3 O-O 15. Ne1 h6 16. Bxf6 Bxf6 17. Nc2 Bg5 18. Ne3 g6 19. Na4 f5 20. exf5 gxf5 21.
Rc2 Qg7 22. Nf1 Kh8 23. f3 e4 24. Qe2 d5 25. Nc5 Bc8 26. cxd5 cxd5 27. Qf2 d4 28. f4 Bf6 29. Qg3 d3 30. Qxg7+ Bxg7 31. Rc4 Bd4+ 32. Kh1 a5 33. Nxd3 exd3 34. Rxd3 Bb6 35. Rxd8 Rxd8 36.
h3 Bb7 37. Kh2 Rd1 0-1

[Event "*** Titled Tuesday Blitz"]
[Site "Chess.com"]
[Date "2020.10.20"]
[Round "3"]
[White "PotapovaM"]
[Black "dosto07"]
[Result "1-0"]
[WhiteElo "2527"]
[BlackElo "2332"]
[TimeControl "180+1"]
[EndTime "10:28:02 PDT"]
[Termination "PotapovaM won by resignation"]

1. d4 d5 2. c4 dxc4 3. e4 e5 4. Nf3 exd4 5. Bxc4 Nc6 6. O-O Be6 7. Bb5 Bc5 8. b4 Bb6 9. a4 a6 10. Bxc6+ bxc6 11. a5 Ba7 12. Bb2 Nf6 13. Bxd4 Nxe4 14. Bxa7 Qxd1 15. Rxd1 Rxa7 16. Nd4 Bd5 17. f3 Nd6 18. Nc3 Kd7 19. Na4 Rb8 20. Nc5+ Ke8 21. Re1+ Kd8 22. Re5 Rxb4 23. Rxd5 cxd5 24. Nc6+ Ke8 25.
Re1+ Kf8 26. Nxb4 c6 27. Nbxa6 g6 28. Kf2 Nc4 29. Ra1 Ke7 30. h4 Kd6 31. g4 Ra8 32.
Nb7+ Ke7 33. Nac5 Ra7 34. a6 d4 35. Re1+ Kf6 36. g5+ Kg7 37. Rd1 1-0

[Event "*** Titled Tuesday Blitz"]
[Site "Chess.com"]
[Date "2020.10.20"]
[Round "3"]
[White "Smirnov_Pavel"]
[Black "mirceaparligras"]
[Result "1-0"]
[WhiteElo "2875"]
[BlackElo "2656"]
[TimeControl "180+1"]
[EndTime "10:28:03 PDT"]
[Termination "Smirnov_Pavel won by resignation"]

1. d4 Nf6 2. c4 e6 3. Nf3 c5 4. g3 cxd4 5. Nxd4 Qc7 6. Nc3 a6 7. Bg2 Qxc4 8. O-O Nc6 9. Nb3 Be7 10. Bf4 d5 11. Rc1 Qb4 12. a3 Qb6 13. e4 dxe4 14. Be3 Qd8 15. Qxd8+ Bxd8 16. Nxe4 Nxe4 17. Bxe4 O-O 18. Bc5 Re8 19. Rfd1 Bf6 20. Nd4 Nxd4 21. Bxd4 Bxd4 22. Rxd4 e5 23. Rd6 Bh3 24. Bxb7 Rad8 25.
Rxd8 Rxd8 26. Bxa6 f5 27. Rc8 Rxc8 28. Bxc8 Kf7 29. a4 Ke7 30. a5 Kd8 31. Be6 Kc7 32. b4 g6 33. b5 Bg4 34. b6+ Kb7 35. Bd5+ Ka6 36. f3 Bh3 37. Bc4+ Kb7 38. Bg8 h6 39.
Bf7 g5 40. Be6 h5 41. Bd7 h4 42. gxh4 gxh4 43. Be6 Kc6 44. Bc8 1-0

[Event "*** Titled Tuesday Blitz"]
[Site "Chess.com"]
[Date "2020.10.20"]
[Round "3"]
[White "SanchezKelvin"]
[Black "albi1999"]
[Result "1-0"]
[WhiteElo "2401"]
[BlackElo "2598"]
[TimeControl "180+1"]
[EndTime "10:28:03 PDT"]
[Termination "SanchezKelvin won by resignation"]

1. d4 Nf6 2. c4 e6 3. Nf3 d5 4. Nc3 dxc4 5. e3 a6 6. Bxc4 b5 7. Bb3 Bb7 8. O-O Nbd7 9. Qe2 c5 10. dxc5 Nxc5 11. Rd1 Qc7 12. Bc2 Bd6 13. h3 O-O 14. a3 Rfd8 15. b4 Ncd7 16. Bb2 Ne5 17. Nxe5 Bxe5 18.
Rac1 Rxd1+ 19. Bxd1 Qc6 20. f4 Bb8 21. Bb3 Qb6 22.
Nd1 Bd5 23. Bd4 Qb7 24. Bc2 Ba7 25. Bxf6 gxf6 26. Qg4+ Kh8 27. Qh4 f5 28. Qf6+ Kg8 29. Qg5+ Kf8 30. Bd3 Rc8 31. Rxc8+ Qxc8 32. Qh6+ Kg8 33.
Qg5+ Kf8 34. Qh6+ Ke7 35. Qh4+ Kd6 36. Kf2 Qc1 37. Qd8+ Kc6 38. Qc8+ Kd6 39. Qxc1 1-0

[Event "*** Titled Tuesday Blitz"]
[Site "Chess.com"]
[Date "2020.10.20"]
[Round "3"]
[White "LubovMarkelova"]
[Black "tlomigtlis"]
[Result "1-0"]
[WhiteElo "2257"]
[BlackElo "2561"]
[TimeControl "180+1"]
[EndTime "10:28:03 PDT"]
[Termination "LubovMarkelova won by checkmate"]

1. Nf3 Nf6 2. c4 c6 3. d4 d5 4. e3 Bf5 5. cxd5 cxd5 6. Nc3 Nc6 7. Ne5 e6 8. g4 Nxe5 9. dxe5 Nxg4 10. Qa4+ Ke7 11. Qb4+ Kd7 12. Qxb7+ Qc7 13. Bb5+ Kd8 14. Qxa8+ Qc8 15. Qxa7 Nxe5 16. Qa5+ Ke7 17. Be2 Kf6 18.
Bd2 Bd3 19. Rc1 Bxe2 20. Kxe2 Qc4+ 21. Kd1 Nd3 22. Nxd5+ Qxd5 23. Qxd5 exd5 24. Rc6+ Ke7 25. Ke2 Ne5 26. Rc7+ Kd6 27. Rhc1 Nc4 28. Ra7 Ke6 29. b3 Ne5 30. Rc8 g6 31. Raa8 Nd7 32. Bb4 Bxb4 33. Rxh8 Nf6 34. a3 Bd6 35. f3 Bxh2 36.
a4 Nd7 37. b4 Nb6 38. a5 Nxa8 39. Rxa8 h5 40. a6 Bd6 41. a7 Bxb4 42. Re8+ Kf6 43. a8=Q Bd6 44. Qxd5 Bg3 45. f4 Bh4 46. Qe5# 1-0

[Event "*** Titled Tuesday Blitz"]
[Site "Chess.com"]
[Date "2020.10.20"]
[Round "3"]
[White "kasparicy"]
[Black "MVM2008"]
[Result "1-0"]
[WhiteElo "2377"]
[BlackElo "2131"]
[TimeControl "180+1"]
[EndTime "10:28:03 PDT"]
[Termination "kasparicy won on time"]

1. e4 c5 2. Nf3 d6 3. d4 cxd4 4. Nxd4 Nf6 5. Nc3 a6 6. Qf3 g6 7.
h3 Bg7 8. Be3 O-O 9. O-O-O Nc6 10.
g4 Qa5 11. Kb1 Nxd4 12. Bxd4 b5 13. e5 dxe5 14. Bxe5 Ra7 15. Qe3 Rd7 16. Rxd7 Bxd7 17. g5 Nh5 18. Bxg7 Nxg7 19. h4 b4 20. Ne2 Rd8 21. Bg2 Nf5 22. Qf4 e5 23. Qe4 Be6 24. Nc1 Nd4 25. Nb3 Nxb3 26. axb3 Bf5 27. Qe2 Qc5 28.
Be4 Qc8 29. h5 Rd4 30. Bxf5 Qxf5 31. hxg6 Qxg6 32. Qxe5 Rd2 33. Qc5 Rd8 34. f4 Rc8 35. Qxc8+ 1-0